 Dungeon Crawl Stone Soup version 0.23-a0-407-g92528d7c89 (webtiles) character file.

548 Flugkiller the Slasher (level 7, 0/44 HPs)
             Began as a Vampire Chaos Knight on Nov 7, 2018.
             Was a Plaything of Xom.
             Slain by Crazy Yiuf
             ... wielding a +2 quarterstaff of chaos
              (6 damage)
             ... on level 4 of the Dungeon.
             The game lasted 00:06:24 (3411 turns).

Flugkiller the Slasher (Vampire Chaos Knight)       Turns: 3411, Time: 00:06:24

Health: 0/44       AC:  4    Str: 11    XL:     7   Next: 7%
Magic:  16/16      EV: 13    Int: 14    God:    Xom [....*.]
Gold:   214        SH:  4    Dex: 14    Spells: 6/6 levels left

rFire    . . .     SeeInvis +   a - +0 falchion (chaos)
rCold    . . .     Gourm    .   d - +0 buckler
rNeg     . . .     Faith    .   c - +0 leather armour (curse)
rPois    .         Spirit   .   (helmet restricted)
rElec    .         Reflect  .   (no cloak)
rCorr    .         Harm     .   f - +0 pair of gloves
MR       .....                  (no boots)
Stlth    +.........             (no amulet)
HPRegen  0.34/turn              s - ring of magical power
MPRegen  0.15/turn              (no ring)

@: regenerating quickly
A: antennae 1, fangs 3, see invisible, clumsy 1, frail 2, mutation resistance 1,
unbreathing
a: Renounce Religion


You were on level 4 of the Dungeon.
You worshipped Xom.
You were a beloved toy of Xom.
You were full.

You visited 1 branch of the dungeon, and saw 4 of its levels.

You collected 214 gold pieces.

Inventory:

Hand Weapons
 a - a +0 falchion of chaos (weapon)
 n - a +0 short sword of venom
   (You took it off a kobold on level 2 of the Dungeon)
Armour
 b - a +2 leather armour
 c - a cursed +0 leather armour (worn)
   (You found it on level 2 of the Dungeon)
 d - a +0 buckler (worn)
   (You found it on level 1 of the Dungeon)
 f - a +0 pair of gloves (worn)
   (You found it on level 1 of the Dungeon)
 k - a +0 helmet
   (Xom gifted it to you on level 1 of the Dungeon)
Jewellery
 s - a ring of magical power (left hand)
   (You found it on level 3 of the Dungeon)
Scrolls
 g - 2 scrolls of enchant armour {unknown}
 i - 3 scrolls of identify {unknown}
 j - 2 scrolls of teleportation {unknown}
 l - a scroll of random uselessness {unknown}
 o - a scroll of fear {unknown}
 p - a scroll of noise {unknown}
 r - a scroll of immolation {unknown}
 v - 2 scrolls of remove curse {unknown}
 x - a scroll of fog {unknown}
Potions
 e - a potion of berserk rage {unknown}
 h - 3 potions of heal wounds
 m - a potion of degeneration {unknown}
 q - 25 potions of blood
 t - a potion of curing {unknown}
 u - a potion of magic {unknown}
 w - a potion of lignification {unknown}


   Skills:
 + Level 4.6 Fighting
 + Level 5.0 Long Blades
 - Level 0.7 Armour
 + Level 4.9 Dodging
 + Level 1.8 Shields


You had 6 spell levels left.
You didn't know any spells.
Your spell library was empty.

Dungeon Overview and Level Annotations

Branches:
Dungeon (4/15)
 Temple: D:4-7

Altars:
Xom
The Shining One

Annotations:
D:4 Crazy Yiuf


Innate Abilities, Weirdness & Mutations

Your natural rate of healing is unusually fast.
You have razor-sharp teeth.
You have supernaturally acute eyesight. (SInv)
You can survive without breathing.
You have a pair of small antennae on your head.
You are clumsy. (Dex -2)
You are very frail. (-20% HP)
You are somewhat resistant to further mutation.


Message History

You hit Crazy Yiuf. You drain Crazy Yiuf!
Crazy Yiuf is moderately wounded.
You feel less confused.
Crazy Yiuf says, "Crazy?
Crazy!?
PORCUPINE!"
Crazy Yiuf completely misses you.
Unknown command.
You barely miss Crazy Yiuf.
Crazy Yiuf is moderately wounded.
You block Crazy Yiuf's attack.
Unknown command.
You barely miss Crazy Yiuf.
Crazy Yiuf is moderately wounded.
Crazy Yiuf screams, "Papa shoe sing!"
You block Crazy Yiuf's attack.
Unknown command.
You hit Crazy Yiuf.
Sand pours from Crazy Yiuf's hands.
Crazy Yiuf is moderately wounded.
Crazy Yiuf barely misses you.
You riposte.
You closely miss Crazy Yiuf.
Crazy Yiuf is moderately wounded.
Unknown command.
You barely miss Crazy Yiuf.
Crazy Yiuf is moderately wounded.
Crazy Yiuf misses you.
You riposte.
You hit Crazy Yiuf but do no damage. You bite Crazy Yiuf, but do no damage.
Crazy Yiuf is moderately wounded.
You hit Crazy Yiuf but do no damage.
Crazy Yiuf is poisoned.
Crazy Yiuf is moderately wounded.
Crazy Yiuf hits you but does no damage.
You hit Crazy Yiuf but do no damage.
Crazy Yiuf seems to speed up.
Crazy Yiuf is moderately wounded.
Crazy Yiuf hits you with a +2 quarterstaff of chaos!
Space bends around you.
Crazy Yiuf hits you with a +2 quarterstaff of chaos!
* * * LOW HITPOINT WARNING * * *
You are electrocuted!
* * * LOW HITPOINT WARNING * * *
You closely miss Crazy Yiuf.
Crazy Yiuf is moderately wounded.
Crazy Yiuf cries, "Snower high poople!"
Crazy Yiuf hits you but does no damage.
Unknown command.
Crazy Yiuf closely misses you.
You riposte.
You hit Crazy Yiuf. You burn Crazy Yiuf.
Crazy Yiuf is severely wounded.
Crazy Yiuf drinks a potion.
Crazy Yiuf is healed!
Unknown command.
Crazy Yiuf cries, "Spliff!"
Crazy Yiuf screams, "Gnoll noodlescoop ena!"
Crazy Yiuf hits you with a +2 quarterstaff of chaos.
You die...

######
####<#..#########
.....#
##....5......#
.###.# #######.....#
<# #.# #.....# .#
#.# #5....# .# #.#
#### ♣♣##.....# .#
#.# #)..#♣♣
♣♣........# ## #.#
#...'.♣♣♣♣.........#
####.#
#...#♣..♣@.........#
#....# ####
♣♣♣g♣.........#
#.#### ♣♣♣♣♣##.....#
#.# #.....# #.#
#.....# #.# #######
#.#### ....[########
).##)##.....#


You could see Crazy Yiuf.

Vanquished Creatures
  A phantom (D:4)
  A scorpion (D:4)
  A howler monkey (D:4)
  2 orc wizards
  An orc priest (D:3)
  Jessica (D:3)
  Terence (D:2)
  7 adders
  A shadow imp (D:3)
  3 oozes
  A worm (D:3)
  3 dart slugs
  3 leopard geckos
  10 orcs
  4 bats
  4 giant cockroaches
  7 goblins
  8 hobgoblins
  8 jackals (D:2)
  6 kobolds
  4 frilled lizards
  10 rats
87 creatures vanquished.

Vanquished Creatures (collateral kills)
  A phantom (D:4)
1 creature vanquished.

Grand Total: 88 creatures vanquished

Notes
Turn   | Place    | Note
-------+----------+-------------------------------------------
     0 | D:1      | Flugkiller the Vampire Chaos Knight began the quest for the
                  | Orb.
     0 | D:1      | Reached XP level 1. HP: 17/17 MP: 1/1
    22 | D:1      | XOM: harmless Summ miscast
   138 | D:1      | Reached XP level 2. HP: 20/23 MP: 2/2
   438 | D:1      | Reached XP level 3. HP: 29/29 MP: 3/3
   478 | D:1      | XOM: god gift: helmet {god gift}
   506 | D:1      | XOM: cloud trail
   897 | D:2      | XOM: mild Conj miscast
   915 | D:2      | XOM: harmless Erth miscast
   927 | D:2      | Reached XP level 4. HP: 22/35 MP: 4/4
  1117 | D:2      | Noticed Terence
  1118 | D:2      | XOM: summons 2 hostile demons
  1132 | D:2      | Killed Terence
  1132 | D:2      | Reached skill level 4 in Long Blades
  1330 | D:2      | XOM: give mutations
  1330 | D:2      | Gained mutation: You are frail. (-10% HP) [Xom's mischief]
  1330 | D:2      | Gained mutation: You are clumsy. (Dex -2) [Xom's mischief]
  1330 | D:2      | Gained mutation: You are very frail. (-20% HP) [Xom's
                  | mischief]
  1404 | D:2      | XOM is BORED!
  1404 | D:2      | XOM: summons 3 hostile shadow creatures
  1518 | D:3      | Reached XP level 5. HP: 22/33 MP: 5/5
  1581 | D:3      | XOM: repel stairs
  1755 | D:3      | Found a glowing golden altar of the Shining One.
  1884 | D:3      | Noticed Jessica
  1896 | D:3      | Killed Jessica
  2048 | D:3      | Reached XP level 6. HP: 32/38 MP: 6/6
  2133 | D:4      | XOM: 7-stop teleportation journey
  2145 | D:4      | Reached skill level 1 in Shields
  2303 | D:4      | XOM: fog
  2364 | D:3      | XOM: give mutations
  2364 | D:3      | Gained mutation: You are somewhat resistant to further
                  | mutation. [Xom's grace]
  2364 | D:3      | Gained mutation: You have a pair of small antennae on your
                  | head. [Xom's grace]
  2438 | D:4      | XOM: smoke on damage
  2637 | D:4      | XOM: scenery: create altars
  2734 | D:4      | XOM: fog
  2841 | D:4      | XOM: summons 3 hostile demons
  2842 | D:4      | XOM: butterfly on damage
  3210 | D:4      | XOM: destruction
  3280 | D:3      | XOM: noise
  3355 | D:4      | XOM: summons 2 friendly demons
  3366 | D:4      | Reached skill level 5 in Long Blades
  3366 | D:4      | Reached XP level 7. HP: 38/44 MP: 7/7
  3391 | D:4      | Found a runed door.
  3395 | D:4      | Noticed Crazy Yiuf
  3411 | D:4      | Slain by Crazy Yiuf

Vault maps used:
D:1:      minmay_arrival_shattered_statue
D:2:      serial_bayou_crossing, uniq_terence
D:3:      tso_altar, uniq_jessica
D:4:      first_ration, uniq_crazy_yiuf_cottage

Skill      XL: |  1  2  3  4  5  6 |
---------------+-------------------+-----
Fighting       | 3 4 |  4.6
Dodging        | 3 4 |  4.9
Long Blades    | 4 5 |  5.0
Shields        | 1 |  1.8
Armour         | |  0.7

Action                   |  1- 3 |  4- 6 |  7- 9 || total
-------------------------+-------+-------+-------++-------
Melee: Falchion          |    66 |    79 |    10 ||   155
       Bite              |     7 |    31 |     1 ||    39
       Short sword       |    34 |   166 |       ||   200
 Abil: End Transformatio |       |     1 |       ||     1
       Bat Form          |       |     1 |       ||     1
  Use: Potion            |       |    13 |       ||    13
 Stab: Paralysed         |       |     3 |       ||     3
Armor: Leather armour    |    35 |    62 |     1 ||    98
Dodge: Dodged            |    75 |   144 |     4 ||   223
Block: Buckler           |    12 |    38 |     3 ||    53
       Rpst.: Falchion   |    20 |    14 |     3 ||    37

Table legend:
 A = Non-vault XP
 B = Vault XP
 C = Vault XP percentage of total XP
 D = Non-vault monster count
 E = Vault monster count
 F = Vault count percentage of total count
                 A         B        C        D         E       F
            +---------+---------+-------+---------+---------+-------
      Total |     715 |      69 |   8.8 |      86 |       2 |   2.3
            +---------+---------+-------+---------+---------+-------
        D:1 |      45 |       0 |   0.0 |      20 |       0 |   0.0
        D:2 |      97 |      32 |  24.8 |      28 |       1 |   3.4
        D:3 |     169 |      37 |  18.0 |      22 |       1 |   4.3
        D:4 |     404 |       0 |   0.0 |      16 |       0 |   0.0
            +---------+---------+-------+---------+---------+-------
